 Dungeon Crawl Stone Soup version 0.26-a0-540-g8a0c9464d7 (webtiles) character file.

Game seed: 1918120415723061885

25 vurker the Grave Robber (level 3, -1/25 HPs)
             Began as a Gnoll Necromancer on Aug 24, 2020.
             Slain by a worm (6 damage)
             ... on level 2 of the Dungeon.
             The game lasted 00:01:04 (1426 turns).

vurker the Grave Robber (Gnoll Necromancer)         Turns: 1426, Time: 00:01:04

Health: -1/25      AC: 10    Str: 10    XL:     3   Next: 6%
Magic:  9/9        EV:  0    Int: 18    God:
Gold:   85         SH: 10    Dex: 15    Spells: 11/12 levels left

rFire    . . .     SeeInvis .   j - +0 dagger
rCold    . . .     Faith    .   k - +0 tower shield
rNeg     . . .     Spirit   .   h - +2 chain mail {rPois}
rPois    +         Reflect  .   (no helmet)
rElec    .         Harm     .   (no cloak)
rCorr    .                      (no gloves)
MR       .....                  (no boots)
Stlth    ..........             (no amulet)
HPRegen  0.08/turn              (no ring)
MPRegen  0.11/turn              (no ring)

@: no status effects
A: distributed training, fangs 1, strong nose
a: no special abilities


You were on level 2 of the Dungeon.
You visited 1 branch of the dungeon, and saw 2 of its levels.

You collected 85 gold pieces.

Inventory:

Hand Weapons
 j - a +0 dagger (weapon)
   (You took it off a goblin on level 1 of the Dungeon)
Armour
 h - a +2 chain mail of poison resistance (worn)
   (You found it on level 1 of the Dungeon)
 k - a +0 tower shield (worn)
   (You found it on level 2 of the Dungeon)
Scrolls
 b - 2 scrolls of fear {unknown}
 c - 2 scrolls of identify {unknown}
 d - 2 scrolls of enchant armour {unknown}
 e - a scroll of teleportation {unknown}
 g - a scroll of magic mapping {unknown}
 l - 2 scrolls of immolation {unknown}
Potions
 a - a potion of flight {unknown}
 f - 3 potions of curing {unknown}
 i - a potion of cancellation {unknown}


   Skills:
 + Level 0.6 Fighting
 + Level 0.6 Short Blades
 + Level 0.6 Long Blades
 + Level 0.6 Axes
 + Level 0.6 Maces & Flails
 + Level 0.6 Polearms
 + Level 0.6 Staves
 + Level 0.6 Slings
 + Level 0.6 Bows
 + Level 0.6 Crossbows
 + Level 0.6 Throwing
 + Level 0.6 Armour
 + Level 4.5 Dodging
 + Level 4.1 Stealth
 + Level 0.6 Shields
 + Level 0.6 Unarmed Combat
 + Level 5.0 Spellcasting
 + Level 0.4 Conjurations
 + Level 0.4 Hexes
 + Level 0.4 Summonings
 + Level 7.1 Necromancy
 + Level 0.4 Translocations
 + Level 0.4 Transmutations
 + Level 0.4 Fire Magic
 + Level 0.4 Ice Magic
 + Level 0.4 Air Magic
 + Level 0.4 Earth Magic
 + Level 0.4 Poison Magic
 + Level 0.8 Invocations
 + Level 0.6 Evocations


You had 11 spell levels left.
You knew the following spells:

 Your Spells              Type           Power        Failure   Level
a - Pain                  Necr           ####         100%        1

Your spell library contained the following spells:

 Spells                   Type           Power        Failure   Level
 Animate Skeleton         Necr           ####..       100%        1
 Vampiric Draining        Necr           ####......   100%        3
 Animate Dead             Necr           ####......   100%        4
 Agony                    Necr           ####....     100%        5


Dungeon Overview and Level Annotations

Branches:
Dungeon (2/15)

Altars:


Innate Abilities, Weirdness & Mutations

Your experience applies equally to all skills.
You have very sharp teeth.
Your uncanny sense of smell can sniff out nearby items.


Message History

You hit the hobgoblin.
You kill the hobgoblin!
Your Spellcasting skill increases to level 5!
Found 2 scrolls labeled WOATHO SALLEI.
You see here a tower shield.
k - a tower shield You start putting on your armour.
You continue putting on your tower shield. x4
You finish putting on your +0 tower shield.
There is a stone staircase leading up here.
l - 2 scrolls labeled WOATHO SALLEI
Found a scroll labeled RUSONIU POSU.
Found a stone staircase leading up.
A worm comes into view.
A worm is nearby!
A worm is nearby!
The worm bites you.
Your shield and chain mail prevent you from hitting the worm.
You block the worm's attack.
You hit the worm. You bite the worm, but do no damage. You hit the worm.
The worm bites you but does no damage.
You hit the worm. The worm bites you but does no damage.
You hit the worm. You barely miss the worm.
You bite the worm, but do no damage. The worm bites you!
You hit the worm. You bite the worm, but do no damage.
The worm completely misses you.
You hit the worm but do no damage. You hit the worm.
The worm bites you but does no damage.
You hit the worm. You hit the worm but do no damage.
You block the worm's attack.
Your shield prevents you from hitting the worm.
The worm completely misses you.
You hit the worm but do no damage. You hit the worm but do no damage.
The worm bites you but does no damage.
You hit the worm. You block the worm's attack.
You hit the worm. The worm bites you but does no damage.
You hit the worm. You hit the worm but do no damage.
You block the worm's attack.
You hit the worm. The worm bites you.
* * * LOW HITPOINT WARNING * * *
You hit the worm. You hit the worm but do no damage.
You bite the worm, but do no damage. The worm bites you.
* * * LOW HITPOINT WARNING * * *
You hit the worm but do no damage. You block the worm's attack.
You hit the worm.
Your shield prevents you from hitting the worm.
You block the worm's attack.
You hit the worm. You bite the worm. The worm bites you.
You die...

. ### ∆ ## ..
##..
..##.###..#######
....#..........#
..........w....#
#......@.....#
#............#
##.....?......#
#......<......#
#.#...........# #
#.###########
#.## #..# ##.#


You could see a worm.

Vanquished Creatures
  2 leopard geckos (D:1)
  A giant cockroach (D:1)
  4 goblins (D:1)
  A hobgoblin (D:2)
  3 jackals (D:1)
  2 kobolds (D:1)
  4 bats (D:1)
  3 frilled lizards (D:1)
  2 rats (D:1)
22 creatures vanquished.

Notes
Turn   | Place    | Note
-------+----------+-------------------------------------------
     0 | D:1      | vurker the Gnoll Necromancer began the quest for the Orb.
     0 | D:1      | Reached XP level 1. HP: 13/13 MP: 6/6
   393 | D:1      | Reached XP level 2. HP: 19/19 MP: 5/7
  1355 | D:1      | Reached XP level 3. HP: 25/25 MP: 9/9
  1369 | D:2      | Reached skill level 5 in Spellcasting
  1426 | D:2      | Slain by a worm

Illustrated notes

Levels and vault maps discovered:
D:1:      elethiomel_arrival_maze, layout_basic, minmay_indecisive_spiral
D:2:      layout_rooms

Skill      XL: |  1  2  3 |
---------------+----------+-----
Spellcasting   | 5 |  5.0
Fighting       | |  0.6
Short Blades   | |  0.6
Long Blades    | |  0.6
Axes           | |  0.6
Maces & Flails | |  0.6
Polearms       | |  0.6
Staves         | |  0.6
Slings         | |  0.6
Bows           | |  0.6
Crossbows      | |  0.6
Throwing       | |  0.6
Armour         | |  0.6
Dodging        | |  4.5
Stealth        | |  4.1
Shields        | |  0.6
Unarmed Combat | |  0.6
Conjurations   | |  0.4
Hexes          | |  0.4
Summonings     | |  0.4
Necromancy     | |  7.1
Translocations | |  0.4
Transmutations | |  0.4
Fire Magic     | |  0.4
Ice Magic      | |  0.4
Air Magic      | |  0.4
Earth Magic    | |  0.4
Poison Magic   | |  0.4
Invocations    | |  0.8
Evocations     | |  0.6

Action                   || total
-------------------------++-------
Melee: Unarmed           ||    81
       Bite              ||    12
       Dagger            ||    29
 Cast: Pain              ||    15
Armor: Chain mail        ||   103
Dodge: Dodged            ||    43
Block: Tower shield      ||     6

Table legend: (Time is in decaauts)
 A = Elapsed time spent in this place.
 B = Non-inter-level travel time spent in this place.
 C = Inter-level travel time spent in this place.
 D = Time resting spent in this place.
 E = Time spent auto-exploring this place.
 F = Levels seen in this place.
 G = Mean time per level.
                   A        B        C        D        E       F      G
               +--------+--------+--------+--------+--------+-----+--------+
         Total |   1427 |   1393 |     34 |      0 |   1165 |   2 |  713.5 |
       Dungeon |   1427 |   1393 |     34 |      0 |   1165 |   2 |  713.5 |
               +--------+--------+--------+--------+--------+-----+--------+

Top non-repeatable levels by time:
     D:1: 1360 daAuts
     D:2: 67 daAuts
